 Dungeon Crawl Stone Soup version 0.28.0-47-ge53b351184 (webtiles) character file.

Game seed: 11407736188635153309

154 Mattiprrivan the Vandal (level 5, 0/40 HPs)
             Began as a Formicid Hunter on May 1, 2022.
             Was a Plaything of Xom.
             Slain by a quasit (1 damage)
             ... summoned by Xom
             ... on level 3 of the Dungeon.
             The game lasted 00:08:30 (2323 turns).

Mattiprrivan the Vandal (Formicid Hunter)           Turns: 2323, Time: 00:08:31

Health: 0/40       AC:  3    Str: 17      XL:     5   Next: 62%
Magic:  5/5        EV: 11    Int: 10      God:    Xom [..*...]
Gold:   50         SH:  0    Dex:  2 (13) Spells: 4/4 levels left

rFire   + . .      SeeInvis +   a - +1 hunting sling
rCold   + . .      Faith    .   (no shield)
rNeg    . . .      Spirit   .   c - +0 leather armour
rPois   +          Reflect  .   (helmet unavailable)
rElec   .          Harm     .   b - scarf {rC+ rF+}
rCorr   .          Rampage  .   (no gloves)
Will    .....                   (no boots)
Stlth   +.........              (no amulet)
HPRegen 0.13/turn               g - ring of poison resistance
MPRegen 0.09/turn               (no ring)

@: no status effects
A: permanent stasis, dig shafts and tunnels, antennae 3, four strong arms
a: Dig, Shaft Self, Renounce Religion


You were on level 3 of the Dungeon.
You worshipped Xom.
You were a toy of Xom.
You visited 1 branch of the dungeon, and saw 3 of its levels.

You collected 50 gold pieces.

Inventory:

Hand Weapons
 a - a +1 hunting sling (weapon)
 f - a +2 dagger of draining
 h - a +2 spear of venom
Missiles
 e - 68 stones (quivered ammo)
 i - 2 poisoned darts
Armour
 b - a scarf of resistance (worn)
 c - a +0 leather armour (worn)
Jewellery
 g - a ring of poison resistance (left hand)


   Skills:
 * Level 2.8 Fighting
 * Level 0.9 Short Blades
 * Level 0.8 Polearms
 * Level 5.8(5.9) Slings
 * Level 0.9(3.4) Throwing
 * Level 1.1 Armour
 * Level 2.0 Dodging
 * Level 2.3 Stealth


You had 4 spell levels left.
You didn't know any spells.
Your spell library was empty.

Dungeon Overview and Level Annotations

Branches:
Dungeon (3/15)

Altars:
Xom


Innate Abilities, Weirdness & Mutations

You cannot be hasted, slowed, berserked, paralysed or teleported.
You can dig through walls and to a lower floor.
You have a pair of large antennae on your head. (SInv)
Your four strong arms can wield two-handed weapons with a shield.


Message History

You hear the slow rusting of a very distant drain.
The quasit bites you but does no damage.
The quasit closely misses you. The quasit claws you.
* * * LOW HITPOINT WARNING * * *
You feel clumsy.
Fire: 72 stones
Press: ? - help, Q - select action, (/) - cycle Shift-Dir - straight line, f/p - quasit
Aim: a quasit (heavily wounded, summoned, 24% to hit)
You shoot a stone. The stone barely misses the quasit.
The stone barely misses the crimson imp.
The quasit bites you but does no damage.
The quasit closely misses you.
The quasit claws you but does no damage.
Fire: 71 stones
Press: ? - help, Q - select action, (/) - cycle Shift-Dir - straight line, f/p - quasit
Aim: a quasit (heavily wounded, summoned, 24% to hit)
You shoot a stone. The stone hits the quasit.
The quasit is severely wounded.
The quasit misses you.
The quasit claws you but does no damage.
The quasit claws you.
* * * LOW HITPOINT WARNING * * *
You feel clumsy.
The crimson imp blinks!
Fire: 70 stones
Press: ? - help, Q - select action, (/) - cycle Shift-Dir - straight line, f/p - quasit
Aim: a quasit (severely wounded, summoned, 24% to hit)
You shoot a stone. The stone closely misses the quasit.
The quasit bites you but does no damage.
The quasit misses you.
The quasit claws you but does no damage.
The quasit barely misses you. x2; The quasit closely misses you.
Fire: 69 stones
Press: ? - help, Q - select action, (/) - cycle Shift-Dir - straight line, f/p - quasit
Aim: a quasit (severely wounded, summoned, 24% to hit)
You shoot a stone. The stone hits the quasit.
The quasit is almost dead.
The crimson imp barely misses you. The quasit bites you.
You die... "This toy is broken."

... #.# #.##
#####..## {
#....)#.#
#.##.#.#
#.##.#.#
#.####.##5#.#
#...<..##@#.#
#########5#.#
#ยง#.# #(#.#
{ #..)......
#...(.(...
#.((######
#####


You could see a quasit (summoned) and a crimson imp (summoned).

Vanquished Creatures
  An orc priest (D:3)
  An orc wizard (D:3)
  A gnoll (D:1)
  3 adders (D:2)
  3 worms (D:2)
  2 dart slugs
  4 orcs
  6 ball pythons
  3 endoplasms
  6 goblins
  A hobgoblin (D:2)
  6 jackals (D:1)
  4 bats
  2 frilled lizards
  3 kobolds
  3 rats
49 creatures vanquished.

Vanquished Creatures (others)
  2 plants (D:1)
2 creatures vanquished.

Grand Total: 51 creatures vanquished

Notes
Turn   | Place    | Note
-------+----------+-------------------------------------------
     0 | D:1      | Mattiprrivan the Formicid Hunter began the quest for the
                  | Orb.
     0 | D:1      | Reached XP level 1. HP: 16/16 MP: 1/1
    45 | D:1      | Found a faded altar of an unknown god.
    48 | D:1      | Prayed at the altar of an unknown god.
    48 | D:1      | Became a worshipper of Xom the Capricious
   143 | D:1      | Reached XP level 2. HP: 18/22 MP: 2/2
   360 | D:1      | XOM is BORED!
   360 | D:1      | XOM: silly message
   374 | D:1      | XOM: silly message
   385 | D:1      | XOM: cast spell 'Leda's Liquefaction'
   534 | D:1      | Reached skill level 5 in Slings
   534 | D:1      | Reached XP level 3. HP: 27/27 MP: 3/3
  1397 | D:2      | Reached XP level 4. HP: 34/34 MP: 4/4
  2079 | D:2      | XOM is BORED!
  2226 | D:3      | XOM: swap monsters
  2227 | D:3      | Reached XP level 5. HP: 39/39 MP: 5/5
  2255 | D:3      | Reached skill level 1 in Armour
  2288 | D:3      | XOM: summons 3 hostile demons
  2319 | D:3      | HP: 2/40 [quasit[Xom] (1)]
  2323 | D:3      | Slain by a quasit

Illustrated notes

Levels and vault maps discovered:
D:1:      minmay_arrival_stair_chambers, layout_basic, basic_ecumenical_altar,
          moated_statue, serial_bayou_pond_d, minmay_liquid_box
D:2:      layout_basic
D:3:      layout_loops_ring, lemuel_round_altar, portal_sewer_entry_a,
          hangedman_feature_mirror, hangedman_decor_slide_cut

Skill      XL: |  1  2  3  4  5 |
---------------+----------------+-----
Slings         | 5 |  5.8
Dodging        | 2 |  2.0
Stealth        | 2 |  2.3
Armour         | 1 |  1.1
Fighting       | |  2.8
Short Blades   | |  0.9
Polearms       | |  0.8
Throwing       | |  0.9

Action                   |  1- 3 |  4- 6 || total
-------------------------+-------+-------++-------
 Fire: Hunting sling     |    60 |   113 ||   173
  Use: Potion            |     3 |       ||     3
       Scroll            |     2 |       ||     2
Armor: Leather armour    |     8 |    25 ||    33
Dodge: Dodged            |     8 |    38 ||    46
